Map: [ESL] Data-C

Players

Dark - Winner!

  • Race: Zerg Zerg
  • Spawn Location: 9:00

Maru

  • Race: Terran Terran
  • Spawn Location: 3:00

Event: DreamHack SC2 Masters 2022 Valencia

VOD

https://youtu.be/3MzBxsBXwz4

Description

Time

  • Played on: July 3, 2022, 3:30 p.m.
  • Length: 26:11

All games in this series

Show
View Real Time Build Order
Export as new Build Order

Dark Zerg - Winner!

Build Orders: Hatch First, Swarm Host 

Get SALT Encoding   

  12  0:00  Drone  
  13  0:12  Overlord  
  13  0:17  Drone  
  14  0:31  Drone x2  
  16  0:48  Hatchery  
  15  0:51  Drone  
  15  0:55  Drone  
  17  0:58  Drone  
  18  1:10  Extractor  
  17  1:14  Spawning Pool  
  17  1:17  Drone  
  17  1:20  Drone  
  18  1:29  Drone  
  19  1:39  Drone  
  20  1:49  Drone  
  21  2:01  Queen x2  
  21  2:02  Zergling x2  
  21  2:03  Zergling x2  
  27  2:12  Overlord  
  27  2:13  Drone  
  28  2:22  Hatchery  
  27  2:29  Drone  
  28  2:31  Drone  
  28  2:33  Drone x2  
  31  2:40  Queen  
  33  2:51  Overlord, Metabolic Boost  
  33  2:54  Drone x2  
  35  2:59  Drone  
  36  3:09  Drone x2  
  36  3:12  Drone  
  39  3:14  Drone x2  
  39  3:15  Queen  
  39  3:19  Overlord  
  43  3:31  Drone  
  43  3:33  Queen  
  46  3:34  Drone x2  
  46  3:37  Drone  
  46  3:38  Queen  
  46  3:39  Drone  
  52  3:42  Drone  
  52  3:45  Drone x2  
  52  3:46  Drone  
  56  3:49  Drone x2  
  58  3:57  Overlord  
  58  4:01  Overlord, Extractor  
  57  4:06  Overlord  
  57  4:13  Drone  
  57  4:14  Queen x2  
  57  4:15  Drone  
  57  4:16  Drone x3  
  66  4:22  Drone x2  
  66  4:23  Drone, Evolution Chamber  
  68  4:24  Drone, Evolution Chamber  
  68  4:27  Drone x2  
  68  4:30  Drone  
  70  4:32  Drone x2  
  70  4:33  Drone  
  70  4:37  Spore Crawler  
  72  4:38  Spore Crawler  
  72  4:42  Drone x2  
  73  4:46  Overlord x2  
  73  4:52  Zerg Ground Armor Level 1, Zerg Melee Weapons Level 1  
  73  4:59  Overlord  
  73  5:00  Overlord  
  73  5:05  Extractor x2, Overlord, Drone x2  
  73  5:06  Drone x2, Zergling x4  
  77  5:10  Drone x2  
  77  5:13  Lair  
  80  5:14  Drone x2  
  80  5:18  Baneling Nest  
  80  5:22  Zergling x2  
  80  5:25  Hatchery  
  80  5:27  Drone  
  81  5:30  Zergling x4  
  81  5:32  Zergling x2  
  81  5:33  Zergling x4  
  86  5:39  Zergling x4, Hatchery  
  86  5:42  Zergling x4  
  89  5:45  Zergling x6  
  89  5:48  Drone  
  89  5:49  Spore Crawler  
  92  5:55  Zergling x2  
  92  5:56  Zergling x12  
  99  6:02  Drone x2  
  99  6:03  Drone  
  102  6:09  Drone x2  
  104  6:13  Drone x2  
  104  6:14  Roach Warren  
  104  6:16  Overlord  
  104  6:17  Overlord  
  105  6:19  Overlord  
  105  6:23  Overlord  
  105  6:28  Queen  
  105  6:29  Overlord  
  106  6:34  Queen  
  106  6:37  Drone x3  
  106  6:38  Drone  
  106  6:39  Drone  
  113  6:41  Drone x5  
  113  6:44  Drone x3  
  113  6:45  Extractor x2  
  113  6:46  Infestation Pit, Drone x2  
  117  6:50  Zerg Missile Weapons Level 1  
  117  6:53  Zerg Ground Armor Level 2  
  109  7:02  Glial Reconstitution, Roach x2  
  109  7:03  Roach x3  
  121  7:09  Spore Crawler, Extractor  
  121  7:10  Extractor  
  121  7:11  Baneling x3  
  121  7:13  Baneling x3  
  118  7:21  Nydus Network  
  115  7:26  Swarm Host x5  
  130  7:30  Swarm Host  
  130  7:35  Swarm Host  
  135  7:40  Swarm Host  
  135  7:43  Drone  
  138  7:48  Roach x3  
  138  7:49  Zergling x26  
  157  7:54  Overlord  
  157  7:59  Nydus Canal  
  156  8:05  Overlord  
  156  8:12  Queen  
  158  8:13  Swarm Host x2  
  158  8:16  Overlord  
  163  8:24  Overlord x2  
  163  8:25  Swarm Host x3  
  172  8:32  Spire  
  171  8:34  Overlord  
  171  8:35  Swarm Host x3  
  180  8:42  Nydus Canal  
  180  8:54  Roach x5  
  190  8:56  Ravager x6  
  196  9:05  Nydus Canal  
  196  9:12  Hatchery, Centrifugal Hooks  
  195  9:19  Hatchery  
  195  9:20  Baneling x4  
  182  9:36  Ravager  
  182  9:37  Zergling x30, Ravager  
  199  9:40  Nydus Canal  
  199  9:47  Hive, Zerg Missile Weapons Level 2  
  199  9:50  Zerg Melee Weapons Level 2  
  199  9:54  Spore Crawler  
  199  9:56  Spore Crawler  
  197  10:02  Spore Crawler  
  197  10:03  Nydus Canal  
  197  10:06  Drone x2  
  197  10:07  Drone  
  199  10:10  Baneling x23  
  199  10:18  Drone  
  194  10:28  Drone x4  
  197  10:34  Zergling x6  
  198  10:40  Extractor  
  198  10:41  Drone x3, Extractor  
  198  10:48  Baneling x2  
  198  10:55  Drone x3  
  190  11:05  Corruptor x5  
  179  11:13  Roach  
  179  11:14  Roach x9  
  179  11:16  Greater Spire  
  196  11:25  Ravager x2  
  196  11:30  Nydus Canal  
  196  11:33  Drone  
  196  11:36  Hatchery, Ravager, Spore Crawler  
  196  11:41  Ultralisk Cavern  
  195  11:53  Ravager x3  
  197  11:57  Adrenal Glands  
  185  12:11  Zergling x6  
  185  12:12  Zergling x24  
  196  12:22  Ravager  
  181  12:33  Zergling x38  
  196  12:38  Drone  
  196  12:40  Drone x2  
  196  12:41  Drone, Chitinous Plating  
  196  12:43  Zerg Melee Weapons Level 3, Zerg Missile Weapons Level 3  
  200  12:44  Baneling x8  
  200  12:45  Baneling  
  200  12:51  Baneling x5  
  200  12:59  Zerg Flyer Weapons Level 1  
  200  13:04  Baneling x6  
  200  13:19  Baneling x8  
  200  13:21  Spore Crawler  
  200  13:23  Spore Crawler  
  200  13:25  Baneling x2  
  200  13:26  Hatchery  
  196  13:40  Drone x4  
  196  13:51  Baneling x2  
  196  14:00  Anabolic Synthesis  
  196  14:01  Zergling x8  
  175  14:12  Zergling x28  
  175  14:15  Drone x2  
  188  14:20  Zergling x22  
  199  14:27  Zergling x22  
  198  14:31  Ravager  
  198  14:32  Ravager  
  198  14:33  Pathogen Glands  
  200  14:50  Baneling x10  
  200  14:51  Baneling x25  
  200  14:52  Baneling x3  
  198  14:58  Roach x5  
  191  15:00  Zergling x16  
  191  15:01  Baneling x2  
  191  15:05  Zerg Flyer Weapons Level 2  
  180  15:27  Ravager x2  
  180  15:28  Zergling x18, Ravager  
  179  15:29  Zergling x12  
  179  15:32  Baneling x4  
  179  15:33  Baneling x2  
  176  15:54  Zergling x38  
  194  15:59  Roach x2  
  194  16:01  Zergling x2  
  199  16:14  Nydus Canal  
  183  16:22  Roach x11  
  189  16:26  Roach x4  
  189  16:30  Baneling x8  
  197  16:35  Ravager x2  
  197  16:38  Baneling x10  
  197  16:39  Baneling  
  199  16:44  Swarm Host x9  
  199  16:47  Nydus Canal  
  199  16:53  Extractor  
  198  16:55  Extractor  
  198  16:57  Baneling x12  
  198  16:58  Drone  
  198  16:59  Drone  
  198  17:00  Spore Crawler  
  198  17:01  Drone  
  199  17:07  Nydus Canal  
  199  17:19  Baneling x2  
  199  17:20  Baneling  
  199  17:47  Drone, Spore Crawler  
  199  17:48  Drone, Spore Crawler x2  
  199  17:49  Drone  
  199  17:50  Spore Crawler  
  198  17:56  Zergling x8  
  198  17:57  Zergling x8  
  200  18:06  Nydus Canal  
  200  18:14  Zerg Flyer Weapons Level 3  
  200  18:16  Zerg Ground Armor Level 3  
  168  18:35  Zergling x46  
  168  18:36  Zergling x6  
  168  18:37  Overseer x3, Pneumatized Carapace  
  184  18:44  Ravager  
  184  18:48  Zergling x16  
  193  18:55  Baneling x29  
  193  18:56  Baneling x12  
  193  18:58  Zergling x2  
  193  18:59  Zergling x14  
  193  19:01  Baneling x3  
  197  19:09  Zergling x16  
  150  19:24  Roach x2  
  150  19:26  Roach x6  
  150  19:27  Queen  
  150  19:28  Baneling  
  150  19:29  Baneling x2  
  150  19:30  Roach x2  
  150  19:31  Overseer  
  154  19:34  Roach x2  
  154  19:36  Roach  
  154  19:38  Roach  
  142  19:41  Roach x2  
  146  19:46  Corruptor  
  146  19:47  Corruptor  
  138  19:54  Corruptor  
  138  19:55  Corruptor  
  138  19:57  Roach  
  138  19:58  Roach  
  142  20:06  Corruptor x2  
  146  20:10  Corruptor  
  146  20:12  Corruptor  
  149  20:18  Corruptor  
  149  20:20  Ravager  
  152  20:24  Swarm Host  
  155  20:29  Drone  
  155  20:30  Zergling x10  
  161  20:38  Swarm Host x3  
  161  20:41  Zergling x2  
  161  20:42  Zergling x8  
  175  20:51  Zerg Flyer Armor Level 1  
  175  20:53  Ravager  
  175  20:54  Zergling x20  
  184  20:58  Zergling x6  
  184  20:59  Drone  
  188  21:11  Ravager x3  
  191  21:17  Zergling x16, Hatchery  
  198  21:20  Zergling x4  
  200  21:38  Baneling x12  
  200  21:39  Baneling x3  
  195  21:41  Zergling x8  
  198  21:47  Unknown  
  198  21:49  Extractor  
  198  21:50  Drone, Extractor  
  198  21:51  Drone x3  
  198  21:52  Spine Crawler, Drone  
  199  21:54  Spine Crawler, Baneling x6  
  191  22:09  Baneling x5  
  191  22:14  Zergling x2  
  191  22:15  Zergling x16  
  197  22:24  Baneling x7  
  197  22:28  Baneling x2  
  197  22:32  Baneling x2  
  197  22:40  Zergling x18  
  197  22:41  Zergling x10  
  197  22:45  Zergling x4  
  197  22:46  Zergling x2  
  193  22:52  Zergling x22  
  190  22:58  Baneling x12  
  190  22:59  Baneling  
  190  23:02  Zergling x6  
  186  23:06  Baneling x5  
  186  23:14  Spore Crawler  
  186  23:15  Drone  
  186  23:16  Extractor x2  
  186  23:17  Drone x2  
  186  23:18  Drone  
  187  23:20  Baneling x9  
  187  23:28  Zergling x16  
  195  23:37  Baneling x10  
  195  23:46  Hatchery  
  195  23:47  Baneling x2  
  195  23:48  Baneling x4  
  194  23:54  Baneling  
  188  24:06  Zergling x22  
  188  24:08  Roach x4  
  176  24:16  Roach x3  
  157  24:24  Roach x6  
  161  24:34  Hatchery  
  161  24:36  Roach x2  
  161  24:37  Infestor  
  166  24:42  Baneling x4  
  166  24:44  Roach x2  
  170  24:46  Roach  
  170  24:47  Roach  
  170  24:51  Ravager  
  170  24:52  Ravager x5  
  180  24:53  Baneling  
  180  24:56  Roach x2  
  180  24:57  Roach  
  186  25:00  Roach  
  186  25:01  Roach  
  189  25:08  Roach x2  
  189  25:10  Roach x3  
  189  25:12  Zergling x4  
  195  25:15  Roach  
  195  25:18  Roach x2  
  190  25:30  Zergling x2  
  190  25:31  Zergling x4  
  187  25:38  Zergling x2, Overseer x2  
  187  25:39  Zergling x20  
  199  26:09  Spore Crawler  
Show
View Real Time Build Order
Export as new Build Order

Maru Terran 

Build Orders: Reaper Expand, Mech 

Get SALT Encoding   

  12  0:00  SCV  
  13  0:12  SCV  
  14  0:18  Supply Depot  
  14  0:24  SCV  
  15  0:40  SCV  
  15  0:41  Barracks  
  16  0:43  Refinery  
  16  0:52  SCV  
  17  1:04  SCV  
  18  1:16  SCV  
  19  1:29  Orbital Command, Reaper  
  20  1:40  Command Center  
  20  1:51  Supply Depot  
  20  1:54  SCV  
  20  2:01  Marine  
  22  2:06  SCV  
  23  2:15  Factory  
  23  2:18  SCV  
  23  2:21  Barracks Reactor  
  24  2:30  SCV  
  25  2:42  SCV  
  25  2:43  Command Center  
  26  2:52  Orbital Command  
  26  2:54  SCV  
  27  3:01  Starport  
  27  3:07  SCV, Refinery  
  28  3:17  Hellion x2  
  28  3:18  SCV  
  33  3:20  SCV  
  33  3:27  Refinery  
  34  3:31  SCV  
  34  3:32  SCV  
  36  3:37  Viking  
  42  3:41  Hellion x2  
  42  3:44  SCV  
  42  3:45  SCV  
  44  3:55  Fusion Core  
  44  3:57  Orbital Command  
  44  3:59  SCV  
  44  4:00  SCV  
  46  4:09  Supply Depot  
  46  4:10  Starport Tech Lab  
  46  4:14  SCV  
  46  4:15  Hellion  
  46  4:16  Hellion  
  51  4:21  SCV  
  52  4:26  SCV x2  
  54  4:33  SCV, Supply Depot, Orbital Command  
  55  4:42  Battlecruiser  
  61  4:47  SCV, Supply Depot  
  61  4:48  SCV  
  61  4:49  Refinery  
  61  4:51  Hellion  
  67  4:53  Hellion  
  67  4:57  Supply Depot  
  67  4:59  SCV  
  68  5:00  SCV  
  68  5:05  SCV  
  70  5:11  SCV  
  70  5:12  Factory  
  70  5:13  Factory  
  71  5:14  SCV  
  71  5:18  SCV  
  73  5:23  SCV, Supply Depot  
  73  5:25  Supply Depot  
  73  5:26  SCV  
  73  5:27  Hellion x2  
  79  5:30  SCV  
  80  5:35  SCV  
  80  5:38  SCV  
  80  5:42  SCV  
  83  5:47  SCV  
  84  5:50  SCV  
  84  5:54  SCV  
  84  5:56  Factory Tech Lab x2  
  86  6:00  SCV  
  86  6:03  SCV  
  88  6:06  SCV, Supply Depot  
  89  6:12  SCV  
  89  6:15  SCV, Siege Tank x2  
  89  6:18  SCV  
  98  6:22  Armory  
  98  6:23  Armory  
  98  6:24  SCV  
  99  6:26  Refinery  
  99  6:27  SCV, Refinery  
  99  6:30  SCV  
  101  6:36  SCV  
  101  6:39  SCV  
  103  6:41  Command Center  
  103  6:42  SCV  
  104  6:48  SCV  
  104  6:51  SCV  
  102  6:54  SCV  
  102  6:56  Battlecruiser  
  109  7:02  Supply Depot  
  109  7:03  Supply Depot  
  109  7:04  Supply Depot  
  109  7:11  Terran Vehicle Weapons Level 1, Terran Vehicle And Ship Armor Level 1  
  109  7:16  SCV x2, Siege Tank x2  
  109  7:21  Engineering Bay  
  117  7:23  SCV  
  117  7:28  SCV x2  
  120  7:31  Weapon Refit  
  120  7:32  Factory  
  120  7:34  Factory  
  120  7:36  SCV  
  121  7:39  Supply Depot  
  121  7:40  SCV x2  
  123  7:44  Infernal Pre-Igniter  
  123  7:46  Hellion x2  
  123  7:48  SCV, Siege Tank x2  
  123  7:50  Missile Turret x2  
  134  7:52  SCV x2  
  134  7:54  Missile Turret  
  136  8:00  SCV  
  136  8:04  SCV x2  
  139  8:09  Missile Turret  
  139  8:11  Missile Turret  
  139  8:12  SCV  
  140  8:14  Battlecruiser  
  140  8:16  SCV x2  
  148  8:20  Hellion  
  148  8:21  Hellion, Siege Tank x2  
  148  8:24  SCV  
  148  8:25  Planetary Fortress  
  159  8:29  SCV x2  
  160  8:36  SCV  
  160  8:41  SCV x2  
  163  8:48  SCV  
  163  8:50  Refinery  
  163  8:51  Hellion x13, Refinery  
  163  8:52  Missile Turret  
  163  8:53  Supply Depot x2  
  163  8:54  Supply Depot  
  164  8:55  Factory Tech Lab  
  164  8:56  Factory Reactor  
  164  8:58  SCV x2  
  164  8:59  Sensor Tower  
  166  9:06  Command Center  
  166  9:07  Mag-Field Accelerator  
  166  9:08  Cyclone x2  
  172  9:15  Hellion x2  
  176  9:20  Siege Tank  
  177  9:33  Terran Vehicle And Ship Armor Level 2, Terran Vehicle Weapons Level 2  
  177  9:36  Hellion  
  177  9:37  Hellion x3  
  178  9:39  SCV x2  
  178  9:40  Siege Tank  
  178  9:41  Siege Tank  
  186  9:50  Missile Turret  
  186  9:56  Command Center  
  186  9:58  Barracks  
  186  9:59  Barracks  
  186  10:00  Barracks, Ghost Academy  
  186  10:01  Hellion x18  
  186  10:10  Siege Tank  
  186  10:11  Missile Turret  
  189  10:19  SCV  
  178  10:22  Smart Servos  
  178  10:23  Sensor Tower  
  178  10:30  Siege Tank x2  
  178  10:31  Hellion x2  
  188  10:38  Battlecruiser  
  194  10:50  Siege Tank  
  194  10:51  Hellion  
  194  10:54  Barracks Tech Lab x2, Personal Cloaking  
  194  10:55  Barracks Tech Lab  
  199  11:02  Siege Tank  
  194  11:10  SCV  
  177  11:16  Siege Tank  
  177  11:17  Hellion  
  165  11:18  Ghost x2  
  165  11:19  Ghost  
  165  11:22  Siege Tank  
  165  11:24  SCV x2  
  170  11:27  Command Center  
  170  11:41  Hellion x4  
  170  11:42  Medivac  
  176  11:53  Engineering Bay  
  168  11:56  SCV  
  168  12:01  SCV x2, Ghost x3  
  169  12:06  Siege Tank x2  
  169  12:07  Hellion  
  183  12:23  Supply Depot  
  183  12:24  Supply Depot  
  172  12:30  SCV, Hellion, Medivac  
  172  12:38  Ghost  
  172  12:39  Hellion x5, Refinery  
  184  12:44  Planetary Fortress  
  184  12:48  Refinery  
  184  12:53  Command Center  
  184  12:56  Command Center  
  184  12:59  Ghost x2  
  184  13:00  Medivac  
  184  13:01  Hellion  
  186  13:16  Hellion x2  
  188  13:21  Terran Vehicle Weapons Level 3  
  188  13:28  Missile Turret  
  188  13:30  Medivac  
  190  13:34  Terran Vehicle And Ship Armor Level 3  
  184  13:44  Hellion x4  
  192  14:00  Medivac  
  170  14:10  Hellbat, Siege Tank x2  
  170  14:11  Hellbat x3  
  171  14:17  Siege Tank  
  172  14:30  SCV, Medivac  
  172  14:31  SCV x2  
  159  14:32  Orbital Command  
  159  14:36  Hellbat x4  
  167  14:40  Terran Infantry Armor Level 1  
  167  14:42  Siege Tank x2  
  172  14:49  Siege Tank  
  175  14:56  Command Center  
  175  14:57  Hellbat  
  172  15:02  Orbital Command, Missile Turret  
  172  15:03  Missile Turret  
  172  15:10  Hellion x3  
  172  15:11  Ghost x3  
  172  15:12  Supply Depot  
  184  15:14  Hellion  
  180  15:25  SCV x2  
  180  15:27  SCV  
  166  15:37  SCV x2  
  166  15:39  SCV  
  166  15:40  Ghost  
  171  15:48  Hellbat, Siege Tank x2  
  171  15:49  SCV x2, Siege Tank  
  148  15:51  SCV  
  148  15:55  Hellbat  
  153  16:01  SCV  
  153  16:02  Medivac  
  156  16:08  Ghost  
  156  16:09  Ghost  
  155  16:18  Hellbat x2  
  149  16:28  Hellbat x2  
  156  16:36  Orbital Command  
  156  16:45  Hellbat x2  
  144  16:56  SCV x2  
  144  16:57  SCV  
  144  17:01  Ghost x2  
  150  17:08  SCV, Siege Tank  
  150  17:09  SCV, Hellbat x3  
  161  17:19  SCV  
  161  17:20  Refinery  
  162  17:26  Hellbat  
  164  17:30  Hellbat  
  164  17:31  Hellbat  
  168  17:41  Hellion, Orbital Command, Siege Tank  
  170  17:45  Command Center  
  170  17:48  Hellion  
  172  18:05  Hellbat  
  174  18:09  Engineering Bay  
  174  18:13  Hellion x2, Siege Tank  
  181  18:22  Sensor Tower  
  181  18:24  Orbital Command  
  142  18:36  Hellion x3  
  148  18:45  Siege Tank  
  148  18:46  Hellbat  
  153  18:52  SCV x3  
  156  18:59  Orbital Command  
  156  19:02  Hellbat  
  144  19:17  Siege Tank  
  144  19:20  Hellbat x2  
  144  19:21  Hellbat  
  110  19:35  Hellbat  
  112  19:40  Refinery  
  112  19:41  SCV x6, Hellbat, Refinery  
  120  19:49  Siege Tank  
  121  19:53  Hellbat x2  
  121  19:56  Hellbat  
  127  20:03  Hellbat  
  129  20:14  Hellbat x2  
  129  20:18  Hellbat  
  135  20:21  Siege Tank  
  135  20:24  Supply Depot  
  138  20:31  Hellbat  
  138  20:33  Refinery  
  142  20:36  Hellbat x2  
  144  20:47  Hellbat  
  146  20:52  Orbital Command  
  146  20:53  Hellbat, Siege Tank  
  152  20:57  Hellbat  
  152  21:04  Hellbat, Refinery  
  151  21:09  Hellbat  
  153  21:14  Hellion  
  158  21:25  Siege Tank  
  153  21:40  Factory Tech Lab x2  
  153  21:45  Refinery  
  153  21:47  Ghost  
  155  21:57  SCV x4, Siege Tank  
  155  21:59  Command Center  
  152  22:10  Hellbat x2, Siege Tank  
  154  22:27  Orbital Command, Ghost  
  154  22:29  Siege Tank x2  
  162  22:32  Hellbat x2  
  165  22:40  Orbital Command  
  143  22:47  Siege Tank  
  128  22:53  Hellbat x2  
  132  23:01  SCV, Siege Tank  
  132  23:02  SCV x3, Hellbat  
  141  23:11  Raven  
  143  23:20  Hellbat x2  
  147  23:31  Siege Tank  
  147  23:32  Siege Tank  
  147  23:33  Hellbat  
  155  23:38  Engineering Bay  
  155  23:41  Command Center  
  155  23:43  Orbital Command  
  155  23:45  Refinery  
  155  23:52  Hellbat  
  155  23:55  Siege Tank  
  159  24:03  Siege Tank  
  159  24:08  Siege Tank  
  159  24:09  Hellbat  
  124  24:17  Hellbat  
  105  24:27  Siege Tank  
  105  24:30  Hellbat  
  110  24:36  Hellbat  
  112  24:39  Hellbat  
  112  24:40  Siege Tank  
  117  24:46  Ghost  
  118  24:58  Hellbat x2  
  118  24:59  Hellbat  
  121  25:00  Hellbat  
  114  25:09  Orbital Command  
  107  25:19  Orbital Command  
  87  25:32  Hellbat, Siege Tank  

Tags
 
Add a new tag
Caveats
  • Supply blocks, unpowered buildings, or Contaminate may cause inaccurate times.
  • Supply counts are checked every 10 seconds.